Match 41468342
Unlisted

Match 41468342
End
Kettenkrad Recon Vehicle
Construct Infanterie Kompanie
Selects Mechanized Battlegroup
Grenadier Squad
MG 42 Machine Gun Team
Grenadier Squad
Infanterie Officer Quarters
Sniper
Construct Panzergrenadier Kompanie
Pak 40 Anti-tank Gun Team
Pak 40 Anti-tank Gun Team
Panzergrenadier Officer Quarters
Selects Raid Package
Panzergrenadier Squad
Selects StuG Assault Group
StuG Assault Group
Pioneer Squad
MG 42 Machine Gun Team
Medical Station
Selects Mobile Repair Stations
Selects Spotting Scopes
Selects Spotting Scopes
Selects Wespe Self-propelled Artillery
Wespe Self-propelled Artillery
KevinTDW
ErikaWani
RyuJou
tank
0
0

Comments sign in to comment!

No comments posted yet!